 Dungeon Crawl Stone Soup version 0.25-a0-861-g340c9e8194 (webtiles) character file.

Game seed: 3468319962037978201, levelgen mode: classic

3159 EnegeticOcto the Cleaver (level 9, 0/86 HPs)
             Began as a Deep Dwarf Fighter on Apr 29, 2020.
             Was a Believer of Makhleb.
             Killed from afar by Maggie (13 damage)
             ... with a bolt of fire
             ... on level 8 of the Dungeon.
             The game lasted 00:04:06 (4811 turns).

EnegeticOcto the Cleaver (Deep Dwarf Fighter)       Turns: 4811, Time: 00:04:07

Health: 0/86       AC: 16    Str: 23    XL:     9   Next: 62%
Magic:  12/12      EV:  4    Int:  9    God:    Makhleb [**....]
Gold:   248        SH:  9    Dex: 12    Spells: 8/8 levels left

rFire    . . .     SeeInvis .   a - +1 war axe (drain)
rCold    . . .     Gourm    .   c - +0 kite shield
rNeg     . . .     Faith    .   x - +0 plate armour
rPois    .         Spirit   .   m - +2 hat
rElec    .         Reflect  .   (no cloak)
rCorr    .         Harm     .   d - +1 pair of gloves
MR       +....                  y - +0 pair of boots
Stlth    ..........             (no amulet)
HPRegen  0.00/turn              (no ring)
MPRegen  0.13/turn              (no ring)

@: lethally poisoned (0 -> -9), non-regenerating, heavily drained
A: damage resistance, heal wounds, sense surroundings 2, no regeneration
a: Heal Wounds, Minor Destruction, Renounce Religion


You were on level 8 of the Dungeon.
You worshipped Makhleb.
Makhleb was pleased with you.
You were very hungry.

You visited 2 branches of the dungeon, and saw 9 of its levels.
You also visited: Ossuary.

You collected 398 gold pieces.
You spent 150 gold pieces at shops.

Inventory:

Hand Weapons
 a - a +1 war axe of draining (weapon)
Armour
 c - a +0 kite shield (worn)
 d - a +1 pair of gloves (worn)
 m - a +2 hat (worn)
 x - a +0 plate armour (worn)
 y - a +0 pair of boots (worn)
Wands
 i - a wand of digging (2) {@v2}
Scrolls
 f - 2 scrolls of remove curse {@r6}
 g - 2 scrolls of teleportation {@r2}
 l - 3 scrolls of fear
 p - 3 scrolls of enchant armour
 s - 2 scrolls of fog
Potions
 b - a potion of flight {unknown}
 h - 6 potions of curing {@q1}
 j - a potion of stabbing {@q5}
 k - 2 potions of might {@q3}
 n - 3 potions of haste {@q4}
 o - a potion of brilliance {unknown}
 r - 4 potions of heal wounds {@q2}
 v - a potion of magic
 w - a potion of mutation
Comestibles
 e - 4 rations


   Skills:
 * Level 7.0(4.3) Fighting
 * Level 8.0(5.2) Axes
 + Level 6.3(3.6) Armour
 + Level 6.3(3.7) Shields
 * Level 7.7(4.9) Invocations


You had 8 spell levels left.
You didn't know any spells.
Your spell library was empty.

Dungeon Overview and Level Annotations

Branches:
Dungeon (8/15)             Temple (1/1) D:5         Ossuary (visited)
   Lair: D:8-11

Altars:
Ashenzari
Cheibriados
Dithmenos
Elyvilon
Fedhas
Gozag
Hepliaklqana
Kikubaaqudgha
Makhleb
Nemelex Xobeh
Okawaru
Qazlal
Ru
Sif Muna
Trog
Uskayaw
Vehumet
Wu Jian
Xom
Yredelemnul
Zin
The Shining One

Shops:
D:5 %   D:7 :

Annotations:
D:8 Maggie


Innate Abilities, Weirdness & Mutations

You are resistant to damage.
You can heal yourself by infusing magical energy.
You passively map the area around you.
You do not regenerate.


Message History

You are too injured to fight recklessly!
You are too injured to fight recklessly!
You are too injured to fight recklessly!
You are too injured to fight recklessly!
You are too injured to fight recklessly!
You are too injured to fight recklessly!
You are too injured to fight recklessly!
You are too injured to fight recklessly!
You feel very sick.
Maggie casts a spell.
Maggie draws you further into her thrall.
You feel much better.
You feel very sick.
Maggie zaps a wand.
Maggie creates a blast of noxious fumes!
You hit Maggie. You drain Maggie.
Maggie is almost dead.
You are engulfed in noxious fumes.
You choke on the stench!
You are confused.
You feel very sick.
Maggie zaps a wand.
Maggie creates a blast of noxious fumes!
You are too confused!
You are too confused!
You are too confused!
You are too confused!
You are too confused!
You are engulfed in poison gas.
You are lethally poisoned!
You feel less confused.
You feel very sick.
Maggie zaps a wand.
Maggie creates a blast of noxious fumes!
You feel very sick.
Maggie mumbles some strange words.
Maggie draws you further into her thrall.
You fail to use your ability.
You feel very sick. Maggie hits you but does no damage.
You feel drained.
You are too injured to fight recklessly!
You feel much better.
You feel very sick. You block Maggie's attack.
You fail to use your ability.
You feel very sick. Maggie hits you but does no damage.
You feel drained.
You hit Maggie but do no damage.
Maggie is almost dead.
You feel very sick. Maggie casts a spell at you. The bolt of fire hits you!
* * * LOW HITPOINT WARNING * * *
You completely miss Maggie.
Maggie is almost dead.
* * * LOW HITPOINT WARNING * * *
You feel very sick.
Maggie says, "Leave now, and tell all of Margery's mercy!"
Maggie zaps a wand.
Maggie creates a blast of noxious fumes!
The now-empty wand crumbles to dust.
You slash Maggie!
Maggie is almost dead.
You are engulfed in noxious fumes.
You choke on the stench!
You are confused.
* * * LOW HITPOINT WARNING * * *
You feel very sick. Maggie hits you but does no damage.
You feel drained.
You're too confused!
You miss Maggie.
Maggie is almost dead.
You are engulfed in noxious fumes.
You feel less confused.
* * * LOW HITPOINT WARNING * * *
You feel very sick. Maggie hits you but does no damage.
You feel drained.
You feel much better.
You are engulfed in noxious fumes.
You choke on the stench!
You are confused.
You feel sick. Maggie hits you but does no damage.
You feel drained.
You feel very sick. Maggie casts a spell at you. The bolt of fire hits you.
You're too confused!
You are engulfed in poison gas.
You are more poisoned.
You feel less confused.
You feel very sick. Maggie hits you but does no damage.
You feel drained.
* * * LOW HITPOINT WARNING * * *
You feel very sick. You block Maggie's attack.
You feel very sick. Maggie hits you but does no damage.
You feel drained.
You feel sick.
You break out of your daze.
You feel very sick. You block Maggie's attack.
You feel sick. Maggie casts a spell at you. The bolt of fire hits you!
You die...

, , , , * * ,
** * #######* *
* * ####
#§§§§.# * ,
.... #°§§..#
##########
#####§§§..# ,
#.........
#.....§...+
*#.######..
#.?...@○..##
*#.##......
#......@.☼°#
#.##.####.
#...$°####○#
#.#.......
#....§* #.#
#.#..#.##.
#....○
#.####.#..#....
#.....
#......#..#.###
#..$..
#......#.......
######
#......#[######
#......#.......
#......########


You could see Maggie.

Vanquished Creatures
  Grinder (D:6)
  2 hippogriffs (D:7)
  Eustachio (D:6)
  2 hungry ghosts
  An orc warrior (D:6)
  4 ogres
  2 phantoms
  4 centaurs
  4 bullfrogs
  2 scorpions
  3 wights
  3 crimson imps
  A bullfrog zombie (D:7)
  An orc priest (D:5)
  2 bullfrog skeletons (D:7)
  2 hounds
  3 centaur skeletons
  A jelly (D:6)
  An orc wizard (D:5)
  Ijyb (D:4)
  2 iguanas
  3 worker ants
  2 big kobold zombies (Ossuary)
  A hound zombie (D:7)
  3 mummies (Ossuary)
  A worker ant zombie (D:7)
  A gnoll (D:6)
  3 adders
  3 adder zombies (Ossuary)
  A worm (D:4)
  2 dart slugs
  2 leopard geckos
  18 orcs
  A ball python (D:4)
  3 giant cockroaches
  A goblin (D:1)
  A hobgoblin (D:1)
  8 jackals (D:1)
  A quokka (D:6)
  A bat (D:2)
  3 frilled lizards
  5 goblin zombies (Ossuary)
  3 hobgoblin zombies (Ossuary)
  A kobold zombie (Ossuary)
  A quokka skeleton (D:4)
  2 quokka zombies
  4 rats
  3 rat zombies (Ossuary)
121 creatures vanquished.

Vanquished Creatures (others)
  A wight (D:7)
1 creature vanquished.

Grand Total: 122 creatures vanquished

Notes
Turn   | Place    | Note
-------+----------+-------------------------------------------
     0 | D:1      | EnegeticOcto the Deep Dwarf Fighter began the quest for the
                  | Orb.
     0 | D:1      | Reached XP level 1. HP: 20/20 MP: 1/1
   146 | D:1      | Reached XP level 2. HP: 25/27 MP: 2/2
   321 | D:4      | Reached XP level 3. HP: 27/34 MP: 3/3
   363 | D:4      | Reached skill level 3 in Axes
   601 | D:4      | Reached XP level 4. HP: 42/42 MP: 3/3
   612 | D:4      | Noticed Ijyb
   646 | D:4      | Killed Ijyb
   691 | D:4      | Reached skill level 4 in Axes
   691 | D:4      | Reached XP level 5. HP: 36/50 MP: 4/4
  1618 | D:5      | Entered Level 5 of the Dungeon
  1626 | D:5      | Noticed a centaur
  1638 | D:5      | Killed a centaur
  1638 | D:5      | Reached XP level 6. HP: 55/57 MP: 5/5
  1719 | D:5      | Found a staircase to the Ecumenical Temple.
  1742 | Temple   | Entered the Ecumenical Temple
  1861 | Temple   | Became a worshipper of Makhleb the Destroyer
  1883 | D:5      | Reached skill level 1 in Invocations
  2011 | D:5      | Reached skill level 5 in Axes
  2011 | D:5      | Reached XP level 7. HP: 39/66 MP: 7/7
  2170 | D:5      | Found a radiant altar of Vehumet.
  2337 | D:5      | Found Wyhius's Food Boutique.
  2584 | D:6      | Reached skill level 5 in Fighting
  2593 | D:6      | Reached skill level 5 in Shields
  2623 | D:6      | Noticed Grinder
  2625 | D:6      | Reached * piety under Makhleb
  2625 | D:6      | Reached skill level 5 in Armour
  2625 | D:6      | Reached XP level 8. HP: 61/74 MP: 7/9
  2635 | D:6      | Reached skill level 6 in Axes
  2635 | D:6      | Paralysed by Grinder for 4 turns
  2646 | D:6      | Paralysed by Grinder for 5 turns
  2685 | D:6      | Killed Grinder
  2685 | D:6      | Reached skill level 5 in Invocations
  3146 | D:6      | Noticed Eustachio
  3177 | D:6      | Killed Eustachio
  3177 | D:6      | Reached skill level 7 in Axes
  3379 | D:7      | Noticed a hippogriff
  3389 | D:7      | Killed a hippogriff
  3389 | D:7      | Gained mutation: You passively map the area around you.
                  | [Deep Dwarf growth]
  3389 | D:7      | Reached XP level 9. HP: 69/84 MP: 11/11
  3560 | D:7      | Found a sand-covered staircase.
  3587 | Ossuary  | Entered an ossuary
  3626 | Ossuary  | Reached ** piety under Makhleb
  4110 | D:7      | Found Pinaraweju's Book Shop.
  4406 | D:7      | Reached skill level 8 in Axes
  4583 | D:5      | Bought a ration for 50 gold pieces
  4583 | D:5      | Bought a ration for 50 gold pieces
  4583 | D:5      | Bought a ration for 50 gold pieces
  4781 | D:8      | Noticed Maggie
  4811 | D:8      | Killed from afar by Maggie

Levels and vault maps discovered:
D:1:      scummos_arrival_checkerplants, layout_loops_ring
D:2:      layout_basic
D:3:      layout_loops_ring, serial_glass, glass_columns_a, glass_columns_a,
          corexii_shack
D:4:      layout_layer_cave, st_stairs_6, uniq_ijyb
D:5:      layout_loops_ring, nicolae_overflow_crystal_walls,
          minmay_temple_entry_arrows, serial_shops,
          nicolae_shop_window_shopping, first_ration
D:6:      cheibrodos_fzero, layout_basic, uniq_grinder, uniq_eustachio
D:7:      layout_loops_corners, serial_shops, nicolae_shop_window_shopping,
          nicolae_ossuary_entry_monument, nrook_uturn
D:8:      layout_basic, uniq_maggie, uniq_grum
Temple:   compressed_dpeg_circular_temple

Skill      XL: |  1  2  3  4  5  6  7  8  9 |
---------------+----------------------------+-----
Fighting       | 3 4 5 6 7 |  7.0
Axes           | 3 4 5 7 8 |  8.0
Armour         | 4 5 6 |  6.3
Shields        | 4 5 6 |  6.3
Invocations    | 2 4 6 7 |  7.7

Action                   |  1- 3 |  4- 6 |  7- 9 || total
-------------------------+-------+-------+-------++-------
Melee: War axe           |    78 |   127 |   354 ||   559
 Abil: Heal Wounds       |     1 |     1 |    10 ||    12
  Use: Scroll            |       |       |    15 ||    15
  Eat: Chunk             |       |     4 |    13 ||    17
       Ration            |       |       |     3 ||     3
Armor: Scale mail        |    57 |    52 |    10 ||   119
       Chain mail        |       |       |    83 ||    83
       Plate armour      |       |       |   189 ||   189
Dodge: Dodged            |    47 |    36 |    90 ||   173
Block: Kite shield       |    55 |    62 |   216 ||   333

Table legend:
 A = Non-vault XP
 B = Vault XP
 C = Vault XP percentage of total XP
 D = Non-vault monster count
 E = Vault monster count
 F = Vault count percentage of total count
                 A         B        C        D         E       F
            +---------+---------+-------+---------+---------+-------
      Total |    3159 |    1354 |  30.0 |      86 |      36 |  29.5
            +---------+---------+-------+---------+---------+-------
        D:1 |      31 |       0 |   0.0 |      16 |       0 |   0.0
        D:2 |       2 |       0 |   0.0 |       2 |       0 |   0.0
        D:4 |     232 |      42 |  15.3 |      14 |       2 |  12.5
        D:5 |     540 |       0 |   0.0 |      14 |       0 |   0.0
        D:6 |     677 |    1178 |  63.5 |      15 |      13 |  46.4
        D:7 |    1634 |       0 |   0.0 |      24 |       0 |   0.0
        D:8 |      43 |       0 |   0.0 |       1 |       0 |   0.0
    Ossuary |       0 |     134 | 100.0 |       0 |      21 | 100.0
            +---------+---------+-------+---------+---------+-------
